 Dungeon Crawl Stone Soup version 0.19-a0-1932-g59670f6 (webtiles) character file.

870 witty the Bolt Thrower (level 8, -2/72 HPs)
             Began as a Kobold Hunter on Oct 24, 2016.
             Killed from afar by an orc wizard (11 damage)
             ... with a magic dart
             ... on level 5 of the Dungeon on Oct 25, 2016.
             The game lasted 00:20:01 (5895 turns).

witty the Bolt Thrower (Kobold Hunter)              Turns: 5895, Time: 00:20:01

Health: -2/72      AC: 24    Str: 10    XL:     8   Next: 24%
Magic:  8/8        EV:  3    Int: 15    God:
Gold:   267        SH:  0    Dex: 17    Spells: 0 memorised, 7 levels left

rFire  + . .     SeeInvis .     b - +1 short sword
rCold  . . .     Gourm    .     (armour currently unavailable)
rNeg   + + +     Faith    .     (shield restricted)
rPois  +         Spirit   .     (helmet currently unavailable)
rElec  .         Reflect  .     (cloak currently unavailable)
rCorr  .         Harm     .     (gloves currently unavailable)
MR     .....     NoTele   +     (boots currently unavailable)
Stlth  +++.......               (no amulet)
                                w - +3 ring of intelligence
                                h - ring of protection from fire {rF+, !d}

@: tree-form
A: (camouflage 0), carnivore 3, (electricity resistance)
a: no special abilities


You were on level 5 of the Dungeon.
You were not hungry.
You were a tree.
You visited 1 branch of the dungeon, and saw 5 of its levels.

You collected 267 gold pieces.

Inventory:

Hand Weapons
 a - a +1 hand crossbow
 b - a +1 short sword (weapon)
Armour
 c - a +0 leather armour (melded)
 g - a +1 cloak
   (You found it on level 1 of the Dungeon)
Jewellery
 h - a ring of protection from fire (left branch) {rF+, !d}
   (You found it on level 3 of the Dungeon)
 w - a +3 ring of intelligence (right branch)
   (You found it on level 4 of the Dungeon)
Wands
 t - a wand of confusion (22/48)
   (You found it on level 4 of the Dungeon)
Scrolls
 e - 3 scrolls of identify
 i - a scroll of remove curse
 j - a scroll of recharging {unknown}
 n - a scroll of amnesia
Potions
 o - a potion of cure mutation {!q}
 q - a potion of brilliance
Books
 v - a book of Necromancy
   (You found it on level 4 of the Dungeon)
Comestibles
 f - 5 meat rations {@e2}
 k - a royal jelly


   Skills:
 - Level 4.0 Fighting
 - Level 7.6 Crossbows
 - Level 7.2 Dodging
 + Level 4.7 Stealth


You had 7 spell levels left.
You didn't know any spells.

Dungeon Overview and Level Annotations

Branches:
Dungeon (5/15)
 Temple: D:4-7

Altars:
Qazlal
Ru


Innate Abilities, Weirdness & Mutations

You are small and have problems with some larger weapons.
You are carnivorous and can eat meat at any time.
((Your skin changes colour to match your surroundings (Stealth+).))
((You are resistant to electric shocks. (rElec)))


Message History

The orc wizard gestures at you while chanting.
The magic dart hits you!
You take 8 damage, and have 40/48 hp.
Unknown command.
Aim: an orc wizard, wielding a dagger and wearing a robe (moderately wounded)
You shoot a bolt. The bolt closely misses the orc wizard.
The orc hits you with a club.
The orc wizard gestures wildly while chanting.
The orc wizard flickers and vanishes!
Deactivating autopickup; reactivate with Ctrl-A.
Aim: an orc, wielding a club and wearing a leather armour You shoot a bolt.
The bolt hits the orc!
You kill the orc!
Something hits you but does no damage. The orc barely misses you.
You take 3 damage, and have 37/48 hp.
Aim: an orc, wielding a mace You shoot a bolt.
The bolt hits the orc.
Something hits you but does no damage. The orc hits you but does no damage.
Unknown command.
b - a +1 short sword (weapon)
You hear some strange, mumbled words.
A magic dart appears from out of thin air!
The magic dart hits you!
You take 6 damage, and have 32/48 hp.
There is an escape hatch in the ceiling here.
You closely miss the orc. The orc hits you with a mace.
You take 1 damage, and have 32/48 hp.
You hit the orc. The orc closely misses you.
The orc shouts!
You hit the orc.
You kill the orc!
The orc shouts! x2
You puncture something! Something hits you.
You take 1 damage, and have 32/48 hp.
You miss something. Something hits you.
You take 1 damage, and have 31/48 hp.
You miss something. Something hits you.
You take 4 damage, and have 27/48 hp.
You miss something. Something hits you.
You take 1 damage, and have 26/48 hp.
You hit something. Something barely misses you.
You barely miss something. Something hits you but does no damage.
The orc completely misses you.
You miss something. Something hits you. The orc closely misses you.
Something closely misses you.
You take 2 damage, and have 25/48 hp.
You completely miss something. The orc completely misses you.
Something closely misses you.
You closely miss something. The orc misses you. Something barely misses you.
You hit something but do no damage. The orc closely misses you.
Something hits you.
You take 5 damage, and have 20/48 hp.
You hit something. The orc misses you. Something hits you. The orc misses you.
You take 4 damage, and have 16/48 hp.
You hit something.
You hear some strange, mumbled words.
A magic dart appears from out of thin air!
The magic dart hits you!
* * * LOW HITPOINT WARNING * * *
The orc hits you with a short sword.
* * * LOW HITPOINT WARNING * * *
You take 11 damage, and have 5/48 hp.
MASSIVE DAMAGE!!
Really quaff
s - a potion of lignification {!q}?
Okay, then.
Really quaff
s - a potion of lignification {!q}?
You turn into a tree.
Your +0 leather armour melds into your body.
Your roots penetrate the ground.
You hear some strange, mumbled words.
A puff of flame appears from out of thin air!
The puff of flame hits you! You resist. The orc barely misses you.
You now have 7/72 hp.
You completely miss something. Something hits you but does no damage.
The orc hits you but does no damage.
a - a +1 hand crossbow (weapon)
Something hits you but does no damage.
You shoot a bolt. The orc hits you but does no damage.
Something hits you but does no damage.
Aim: an orc, wielding a short sword and wearing a glowing ring mail You shoot a bolt.
The bolt hits the orc.
The orc hits you but does no damage. Something hits you but does no damage.
The orc hits you but does no damage.
Aim: an orc, wielding a short sword and wearing a glowing ring mail (severely wounded)
You shoot a bolt. The bolt barely misses the orc.
The bolt closely misses the orc.
Something hits you but does no damage. The orc hits you but does no damage.
Aim: an orc, wielding a short sword and wearing a glowing ring mail (severely wounded)
You shoot a bolt. The bolt closely misses the orc.
The bolt hits the orc but does no damage.
Something hits you but does no damage. The orc hits you but does no damage.
Firing (i - inventory): No suitable missiles.
Aim: an orc, wielding a short sword and wearing a glowing ring mail (severely wounded)
Okay, then.
b - a +1 short sword (weapon)
Something hits you but does no damage.
You barely miss something. The orc hits you but does no damage.
You hear some strange, mumbled words.
A magic dart appears from out of thin air!
The magic dart hits you!
You die...

########## # .
#........####.#....
#...(.....{♣oo..#
####.(......####o#.#
#
#>...).............
.
#....(##....###....#
# #...(. #......#
.... #..... #......#
.. #....(
#......##.# #.#
#(.... #....#.##.#
... #.....
#....#.##.# #.#


You could see 3 orcs.

Vanquished Creatures
  Eustachio (D:4)
  An ice beast (D:5)
  An ogre (D:4)
  A necrophage (D:5)
  2 scorpions
  A hound (D:4)
  2 orc wizards (D:5)
  2 orc priests (D:5)
  A worker ant (D:4)
  A hound skeleton (D:4)
  6 adders
  A shadow imp (D:5)
  An ooze (D:2)
  An adder skeleton (D:5)
  2 worms (D:4)
  4 dart slugs
  A leopard gecko (D:5)
  13 orcs
  3 giant cockroaches
  6 goblins (D:1)
  8 hobgoblins (D:1)
  15 jackals
  8 kobolds
  A quokka (D:5)
  A ball python (D:1)
  5 bats
  4 frilled lizards
  A quokka skeleton (D:4)
  5 rats
99 creatures vanquished.

Notes
Turn   | Place    | Note
-------+----------+-------------------------------------------
     0 | D:1      | witty the Kobold Hunter began the quest for the Orb.
     0 | D:1      | Reached XP level 1. HP: 12/12 MP: 1/1
   173 | D:1      | Reached skill level 5 in Crossbows
   190 | D:1      | Reached XP level 2. HP: 12/18 MP: 2/2
   697 | D:1      | Reached XP level 3. HP: 22/22 MP: 3/3
   746 | D:1      | Reached skill level 3 in Fighting
  1509 | D:2      | Upgraded the game from 0.19-a0-1922-g1e9a4c1 to 0.19-a0-1932-g59670f6
  1615 | D:1      | Reached XP level 4. HP: 9/28 MP: 4/4
  2291 | D:3      | Found a sacrificial altar of Ru.
  2794 | D:3      | Reached skill level 6 in Crossbows
  3125 | D:3      | Reached skill level 4 in Fighting
  3125 | D:3      | Reached XP level 5. HP: 32/33 MP: 5/5
  3449 | D:4      | Reached skill level 3 in Dodging
  3745 | D:4      | Noticed Eustachio
  3787 | D:4      | Killed Eustachio
  3787 | D:4      | Reached skill level 5 in Dodging
  3787 | D:4      | Reached XP level 6. HP: 18/38 MP: 6/6
  3884 | D:4      | Reached skill level 6 in Dodging
  4023 | D:4      | Noticed an ogre
  4038 | D:4      | Killed an ogre
  4038 | D:4      | Reached XP level 7. HP: 43/43 MP: 7/7
  4116 | D:4      | Reached skill level 7 in Dodging
  4254 | D:5      | Entered Level 5 of the Dungeon
  4776 | D:5      | Reached skill level 7 in Crossbows
  5089 | D:5      | HP: 4/43 [shadow imp/nerve-wracking pain (7)]
  5095 | D:5      | Gained mutation: You are resistant to electric shocks. (rElec) [potion of beneficial mutation]
  5110 | D:5      | HP: 9/43 [adder (3)]
  5116 | D:5      | HP: 9/43 [adder (1)]
  5119 | D:5      | Reached XP level 8. HP: 10/48 MP: 8/8
  5142 | D:5      | Gained mutation: Your skin changes colour to match your surroundings (Stealth+). [potion of beneficial mutation]
  5161 | D:5      | HP: 12/48 [something/magic dart (5)]
  5168 | D:5      | Found a stormy altar of Qazlal.
  5175 | D:5      | HP: 4/48 [orc wizard/magic dart (8)]
  5605 | D:5      | Reached skill level 3 in Stealth
  5725 | D:5      | Reached skill level 4 in Stealth
  5886 | D:5      | HP: 9/48 [something/magic dart (8)]
  5895 | D:5      | Killed from afar by an orc wizard

Vault maps used:
D:1:      dpeg_cavernosity
D:2:      lemuel_doored_altar, tso_metal_star, lemuel_round_altar
D:3:      lemuel_round_altar
D:4:      first_bread, uniq_eustachio
D:5:      old_standard_altar, hex_medium

Skill      XL: |  1  2  3  4  5  6  7  8 |
---------------+-------------------------+-----
Crossbows      | 5 6 7 |  7.6
Fighting       | 3 4 |  4.0
Dodging        | 5 6 7 |  7.2
Stealth        | 4 |  4.7

Action                   |  1- 3 |  4- 6 |  7- 9 || total
-------------------------+-------+-------+-------++-------
Melee: Short sword       |    45 |    83 |    73 ||   201
       Dagger            |    27 |    39 |       ||    66
 Fire: Hand crossbow     |    56 |    47 |    90 ||   193
Throw: Throwing net      |       |       |     2 ||     2
Evoke: Wand              |       |     5 |       ||     5
  Use: Scroll            |     3 |     3 |     3 ||     9
       Potion            |       |     2 |    11 ||    13
 Stab: Confused          |       |     3 |       ||     3
       Invisible         |       |       |     2 ||     2
  Eat: Chunk             |    10 |     8 |     2 ||    20
Armor: Leather armour    |    23 |    24 |    10 ||    57
       Skin              |       |       |    21 ||    21
Dodge: Dodged            |    86 |   107 |   117 ||   310

Vault maps used:
D:1:      dpeg_cavernosity
D:2:      lemuel_doored_altar, tso_metal_star, lemuel_round_altar
D:3:      lemuel_round_altar
D:4:      first_bread, uniq_eustachio
D:5:      old_standard_altar, hex_medium

Table legend:
 A = Turns spent in this place as a percentage of turns spent in the entire game.
 B = Non-inter-level travel turns spent in this place as a percentage of non-inter-level travel turns spent in the entire game.
 C = Inter-level travel turns spent in this place as a percentage of turns spent in this place.
 D = Turns resting spent in this place as a percentage of non-inter-level travel turns spent in this place.
 E = Turns spent auto-exploring this place as a percentage of non-inter-level travel turns spent in this place.
 F = Non-inter-level travel turns spent in this place divided by the number of levels of this place that you've seen.
                   A       B       C       D       E      F
               +-------+-------+-------+-------+-------+----------------------
         Total | 100.0 | 100.0 |   0.9 |   1.8 |   6.3 | 360.0
       Dungeon | 100.0 | 100.0 |   0.9 |   1.8 |   6.3 | 360.0
               +-------+-------+-------+-------+-------+----------------------

Table legend:
 A = Kills in this place as a percentage of kills in entire the game.
 B = Kills by you in this place as a percentage of kills by you in the entire game.
 C = Kills by friends in this place as a percentage of kills by friends in the entire game.
 D = Other kills in this place as a percentage of other kills in the entire game.
 E = Experience gained in this place as a percentage of experience gained in the entire game.
 F = Experience gained in this place divided by the number of levels of this place that you have seen.
                   A       B       C       D       E      F
               +-------+-------+-------+-------+-------+----------------------
         Total | 100.0 | 100.0 |  -nan |  -nan | 100.0 | 248.6
       Dungeon | 100.0 | 100.0 |  -nan |  -nan | 100.0 | 248.6
               +-------+-------+-------+-------+-------+----------------------
